 Dungeon Crawl Stone Soup version 0.19-a0-1002-g674d22e (webtiles) character file.

1055230 zeke the Axe Maniac (level 27, -6/292 HPs)
             Began as a Minotaur Fighter on Dec 14, 2015.
             Was the Champion of Okawaru.
             Killed from afar by Quuvez the pandemonium lord (38 damage)
             ... with a crystal spear
             ... in Pandemonium on July 18, 2016.
             The game lasted 11:29:03 (97195 turns).

zeke the Axe Maniac (Minotaur Fighter)             Turns: 97195, Time: 11:29:03

Health: -6/292     AC: 45    Str: 28      XL:     27
Magic:  23/28      EV: 20    Int:  8      God:    Okawaru [******]
Gold:   9300       SH: 34    Dex: 17 (18) Spells: 3 memorised, 32 levels left

rFire  + . .     SeeInvis +     G - +6 broad axe of Kotula {speed, rPois rN+ Str-2 Dex+3}
rCold  + . .     Gourm    .     q - +12 gold dragon armour
rNeg   + . .     Faith    .     D - +6 large shield {reflect}
rPois  +         Spirit   .     (helmet unavailable)
rElec  +         Dismiss  .     I - +2 cloak of Compression {Slay+4}
rCorr  +         Reflect  +     r - +1 pair of gloves of Decompression {rCorr Str-3 Int+5 Slay+3}
SustAt .         Harm     .     S - +2 pair of boots {Fly}
MR     +++++     Rnd*Rage +     X - amulet of regeneration
Stlth  .......... Rnd*Tele +    c - ring "Goll" {*Drain rC- MR+++ Dex+5 Stlth-}
                                Z - ring of Qehyth {rElec rPois Str+4 Int-4 SInv}

@: finesse, flying, hasted, very quick, almost entirely resistant to hostile
enchantments, extremely unstealthy
A: retaliatory headbutt, horns 3, talons 1, repulsion field 1, rough black
scales 1, camouflage 1, berserk 2, blurry vision 1, clever 1, clumsy 1, cold
resistance 1, deformed body, deterioration 1, low mp 2, mutation resistance 1,
robust 1, screaming 1, teleportitis 1, weak 1, wild magic 1, MP-powered wands
a: Heroism, Finesse, Renounce Religion, Stop Flying
}: 8/15 runes: serpentine, barnacled, slimy, silver, abyssal, demonic, glowing,
magical


You were in Pandemonium.
You worshipped Okawaru.
Okawaru was exalted by your worship.
You were hungry.

You visited 12 branches of the dungeon, and saw 59 of its levels.
You visited Pandemonium 3 times, and saw 30 of its levels.
You visited the Abyss 1 time.
You visited 1 bazaar.
You also visited: Labyrinth, Sewer and Ice Cave.

You collected 13026 gold pieces.
You spent 3726 gold pieces at shops.

Inventory:

Hand Weapons
 k - the +5 broad axe "Helirawo" {freeze, rElec rC+}
   (Okawaru gifted it to you in Pandemonium)

   It has been specially enchanted to freeze those struck by it, causing extra
   injury to most foes and up to half again as much damage against particularly
   susceptible opponents.
   It can also slow down cold-blooded creatures.
   It protects you from cold.
   It insulates you from electricity.
 z - the +5 long sword "Zuqac" {speed, rF+ rC+, unknown}
   (Okawaru gifted it to you in Pandemonium)

   Attacks with this weapon are significantly faster.
   It protects you from fire.
   It protects you from cold.
 G - the +6 broad axe of Kotula (weapon) {speed, rPois rN+ Str-2 Dex+3}
   (Okawaru gifted it to you on level 12 of the Dungeon)

   Attacks with this weapon are significantly faster.
   It affects your strength (-2).
   It affects your dexterity (+3).
   It protects you from poison.
   It protects you from negative energy.
 H - the +5 broad axe of Jeugen {freeze, -Tele +Rage Int+8}
   (You found it in Pandemonium)

   It has been specially enchanted to freeze those struck by it, causing extra
   injury to most foes and up to half again as much damage against particularly
   susceptible opponents.
   It can also slow down cold-blooded creatures.
   It affects your intelligence (+8).
   It lets you go berserk.
   It prevents most forms of teleportation.
Missiles
 L - 41 javelins of penetration
 R - 71 javelins (quivered)
Armour
 q - a +12 gold dragon armour (worn)
 r - the +1 pair of gloves of Decompression (worn) {rCorr Str-3 Int+5 Slay+3}
   (Okawaru gifted it to you on level 3 of the Elven Halls)

   It affects your strength (-3).
   It affects your intelligence (+5).
   It affects your accuracy and damage with ranged weapons and melee attacks
   (+3).
   It protects you from acid and corrosion.
 D - a +6 large shield of reflection (worn)
 I - the +2 cloak of Compression (worn) {Slay+4}
   (Okawaru gifted it to you on level 4 of the Vaults)

   It affects your accuracy and damage with ranged weapons and melee attacks
   (+4).
 Q - the +2 shield of Resistance {rF+ rC+ MR+}
   (You took it off a deep elf demonologist on level 5 of the Vaults)

   It protects you from fire.
   It protects you from cold.
   It affects your resistance to hostile enchantments.
 S - a +2 pair of boots of flying (worn)
 W - the +0 hat of Creativity {Str+7 Int-4 Dex+2 Slay+4}
   (You found it on level 3 of the Elven Halls)

   It affects your strength (+7).
   It affects your intelligence (-4).
   It affects your dexterity (+2).
   It affects your accuracy and damage with ranged weapons and melee attacks
   (+4).
Jewellery
 c - the ring "Goll" (right hand) {*Drain rC- MR+++ Dex+5 Stlth-}
   (You found it on level 5 of the Vaults)

   [ring of loudness]

   It affects your dexterity (+5).
   It makes you vulnerable to cold.
   It affects your resistance to hostile enchantments.
   It causes draining when unequipped.
   It makes you less stealthy.
 j - an uncursed amulet of the gourmand
 p - an uncursed ring of protection from cold
 A - an uncursed ring of positive energy
 N - an uncursed ring of sustain attributes
 X - an amulet of regeneration (around neck)
 Z - the ring of Qehyth (left hand) {rElec rPois Str+4 Int-4 SInv}
   (You found it in an ice cave)

   [ring of see invisible]

   It affects your strength (+4).
   It affects your intelligence (-4).
   It insulates you from electricity.
   It protects you from poison.
   It lets you see invisible.
Wands
 x - a wand of teleportation (3/9)
 M - a wand of hasting (0/9)
Scrolls
 a - 15 scrolls of magic mapping
 e - 14 scrolls of fog
 h - 34 scrolls of identify
 i - 38 scrolls of remove curse
 l - a scroll of brand weapon
 t - 20 scrolls of blinking
 v - 6 scrolls of recharging
 y - 3 scrolls of summoning
 C - 36 scrolls of teleportation
 O - 7 scrolls of holy word
Potions
 b - 2 potions of mutation
 d - 10 potions of might
 g - 6 potions of cancellation
 m - a potion of invisibility
 o - 37 potions of curing
 w - 6 potions of berserk rage
 B - 11 potions of heal wounds
 U - 10 potions of haste
 Y - 13 potions of agility
Miscellaneous
 s - a phial of floods
 u - a phantom mirror
Comestibles
 f - 46 bread rations
 n - 41 meat rations
 K - 3 slices of pizza


   Skills:
 + Level 25.1 Fighting
 O Level 27 Axes
 - Level 24.0 Throwing
 - Level 22.1 Armour
 - Level 20.0 Dodging
 - Level 1.1 Stealth
 O Level 27 Shields
 - Level 10.0 Spellcasting
   Level 10.3 Conjurations
 - Level 21.2 Charms
 - Level 4.7 Invocations
 - Level 1.0 Evocations


You had 32 spell levels left.
You knew the following spells:

 Your Spells              Type           Power        Failure   Level  Hunger
a - Statue Form           Tmut/Erth      #........    100%        6    #######
b - Stoneskin             Tmut/Erth      #.......     99%         2    #......
c - Haste                 Chrm           #####...     8%          6    #######


Dungeon Overview and Level Annotations

Branches:
Dungeon (15/15)            Temple (1/1) D:4            Lair (8/8) D:9
 Shoals (4/4) Lair:3        Snake (4/4) Lair:3        Slime (6/6) Lair:6
    Orc (2/2) D:12            Elf (3/3) Orc:2        Vaults (5/5) D:13
  Crypt (0/3) Vaults:2     Depths (5/5) D:15           Hell (1/1)
    Zot (5/5) Depths:5
    Dis: Hell:1         Geh: Hell:1         Coc: Hell:1         Tar: Hell:1

Altars:
Ashenzari
Cheibriados
Dithmenos
Elyvilon
Fedhas
Gozag
Kikubaaqudgha
Makhleb
Nemelex Xobeh
Okawaru
Pakellas
Qazlal
Ru
Sif Muna
Trog
Vehumet
Xom
Yredelemnul
Zin
The Shining One
Jiyva

Shops:
D:10 [   D:12 ([   Orc:1 ?   Orc:2 %!!(   Elf:1 ?   Elf:3 *   Shoals:4 }
Vaults:3 }   Vaults:5 }

Portals:
Hell: Depths:1 Depths:2 Depths:3 Depths:4 Depths:5
Abyss: Depths:4
Pandemonium: Depths:3
Ziggurat: Depths:3

Annotations:
D:5 Ace's ghost, novice MiGl


Innate Abilities, Weirdness & Mutations

You reflexively headbutt those who attack you in melee.
You have a pair of large horns on your head.
You have sharp toenails.
You are surrounded by a mild repulsion field. (EV +2)
You are partially covered in rough black scales. (AC +4, Dex -1)
Your skin changes colour to match your surroundings (Stealth+).
You often lose your temper in combat.
Scrolls take you a little longer to read.
Your mind is acute. (Int +2)
You are clumsy. (Dex -2)
Your flesh is cold resistant. (rC+)
Armour fits poorly on your strangely shaped body.
Your body sometimes deteriorates upon taking damage.
Your magical capacity is very low. (-20% MP)
You are somewhat resistant to further mutation.
You are robust. (+10% HP)
You occasionally shout uncontrollably at your foes.
You are occasionally teleported next to monsters.
You are weak. (Str -2)
Your spells are a little harder to cast, but a little more powerful.
You expend magic power (3 MP) to strengthen your wands.


Message History

Your body is wracked with pain!
* * * LOW HITPOINT WARNING * * *
You hit Quuvez but do no damage. Your headbutt misses Quuvez.
Quuvez is moderately wounded.
Your gold dragon armour prevents you from hitting Quuvez.
Quuvez is moderately wounded.
You chop Quuvez into pieces!!! Your headbutt misses Quuvez.
Quuvez is moderately wounded.
You hear a roar!
Quuvez hits you but does no damage.
You barely miss Quuvez. Your headbutt misses Quuvez.
Quuvez is moderately wounded.
The tormentor calls on the powers of darkness!
Your body is wracked with pain!
* * * LOW HITPOINT WARNING * * *
Okay, then.
You feel yourself speed up. You block Quuvez's attack.
The ynoxinul gestures.
Quuvez gestures at you. The crystal spear hits you!
You die...

...........#.##########..........
...........#.# #.........#
...........#.# #..........
#..........#.# #..........
#..........#.# #.)........
#............# #......∩...
##........##.# #..........
#............########2#..........
#............'.'@&335##..........
#...........(##########.........#
#.......................#.......#
#.........)............######)...
##........######............))).#
##......## ####........)##[..
######## ###.............
#....##.........
#####.##............


You could see Quuvez (invisible), a sun demon, a tormentor, a ynoxinul and an
ufetubus.

Vanquished Creatures
  the Royal Jelly (Slime:6)
  Mnoleg (Pan)
  Lom Lobon (Pan)
  A seraph (Pan)
  7 orbs of fire (Zot:5)
  2 ancient liches
  Mennas (Vaults:2)
  2 juggernauts
  Sojobo (Depths:2)
  Boris (Vaults:4)
  Margery (Vaults:3)
  Frederick (Depths:5)
  A curse toe (Zot:3)
  5 Killer Klowns
  The ghost of Akett the Fencer, a veteran MiGl of Cheibriados (Depths:2)
  Saint Roka (Depths:2)
  Geryon (Hell)
  16 golden dragons
  2 pearl dragons (Pan)
  Xtahua (Vaults:2)
  A bone dragon (Abyss:3)
  8 liches
  2 electric golems (Zot:5)
  17 Brimstone Fiends (Pan)
  25 Tzitzimimeh (Pan)
  25 Orb Guardians (Zot:5)
  26 pandemonium lords (Pan)
  7 tentacled monstrosities
  3 hellephants
  The ghost of valsik64 the Warrior, an adept GrFi of Okawaru (Vaults:2)
  6 Ice Fiends (Pan)
  10 Hell Sentinels (Pan)
  5 deep elf blademasters (Elf:3)
  2 quicksilver dragons
  Asterion (Snake:1)
  14 titans
  27 acid blobs
  3 deep elf master archers (Elf:3)
  3 sphinxes
  An eldritch tentacle (Pan)
  Polyphemus (Shoals:2)
  7 death cobs
  13 Executioners (Pan)
  8 tentacled starspawn
  Gastronok (D:12)
  Frances (Elf:1)
  12 tengu reavers
  An ancient champion (Depths:3)
  7 shadow dragons
  13 greater nagas
  Ilsuiw (Shoals:4)
  The ghost of Implojin the Nimble, a journeyman TrFi of Okawaru (Shoals:4)
  6 draconian monks
  12 storm dragons
  12 azure jellies
  8 fire giants
  18 daevas (Pan)
  19 blood saints (Pan)
  Donald (Vaults:4)
  A frost giant (shapeshifter) (Vaults:5)
  A removed MONS_MAUD (D:12)
  23 balrugs
  5 ghost moths
  12 vault wardens
  An orc warlord (Elf:3)
  7 deep elf sorcerers
  2 draconian scorchers
  Aizul (Snake:1)
  An iron dragon (Depths:2)
  Louise (Shoals:1)
  5 frost giants
  9 warmongers (Pan)
  21 black suns (Pan)
  23 angels (Pan)
  2 draconian zealots
  7 deep elf elementalists
  A juggernaut zombie (D:15)
  38 cacodemons
  7 draconian annihilators
  22 reapers (Pan)
  10 ironheart preservers
  4 draconian shifters
  11 ophanim (Pan)
  5 draconian callers
  9 green draconians
  23 stone giants
  33 very ugly things
  11 corrupters (Pan)
  2 removed MONS_SALAMANDER_STORMCALLERs
  25 apis (Pan)
  4 vampire knights
  8 black draconians
  7 purple draconians
  6 deep elf demonologists
  12 mottled draconians
  6 yellow draconians
  5 dire elephants (Abyss:3)
  9 spark wasps
  34 lorocyprocas
  9 chaos champions (Pan)
  13 red draconians
  12 deep elf annihilators
  10 white draconians
  12 ettins
  33 blizzard demons (Pan)
  3 deep elf death magi
  An ettin (shapeshifter) (Vaults:5)
  5 merfolk javelineers (Shoals:4)
  19 green deaths (Pan)
  Josephine (D:12)
  18 fire dragons
  A minotaur (Lab)
  14 great orbs of eyes
  9 merfolk impalers
  30 vault guards
  7 death oozes
  17 yaktaur captains
  8 deep elf high priests
  Fannar (D:12)
  The ghost of HamOfTruth the Spear-Bearer, a journeyman DsBe of Trog (Orc:2)
  10 naga warriors
  A catoblepas (Shoals:2)
  9 rakshasas
  15 ice dragons
  25 monstrous demonspawn (Pan)
  A juggernaut simulacrum (Depths:3)
  A merfolk avatar (Shoals:4)
  9 hell beasts
  11 centaur warriors
  6 hydras
  7 anacondas
  7 spriggan air magi
  2 alligator snapping turtles (Shoals:3)
  2 death knights
  5 death yaks
  5 satyrs
  4 merfolk aquamancers
  26 dancing weapons
  10 tengu warriors
  A titan zombie (Depths:1)
  8 hell hogs
  7 ogre magi
  5 deep troll shamans
  A thrashing horror (Abyss:1)
  84 soul eaters (Pan)
  4 orc high priests (Orc:2)
  14 naga sharpshooters
  2 spriggan berserkers (Depths:5)
  A vampire mage (D:15)
  3 deep troll earth magi
  13 shock serpents
  86 sun demons
  31 deep elf knights
  2 wretched stars
  6 salamander mystics
  28 hell knights
  2 shadow wraiths (Vaults:3)
  10 skeletal warriors
  12 spriggans
  A titan skeleton (Abyss:1)
  4 spatial maelstroms
  11 small abominations
  2 fire crabs
  5 iron trolls
  An unseen horror (shapeshifter) (Depths:5)
  A giant orange brain (shapeshifter) (Vaults:5)
  9 sea snakes
  2 unseen horrors
  7 deep trolls
  15 cherubim (Pan)
  6 giant orange brains
  20 shadow demons (Pan)
  A deep troll (shapeshifter) (Vaults:5)
  7 wizards
  27 gelid demonspawn (Pan)
  11 deep elf archers
  3 hill giants
  9 naga ritualists
  6 phantasmal warriors
  10 ironbrand convokers
  20 infernal demonspawn (Pan)
  8 flayed ghosts
  3 orc sorcerers (Orc:2)
  A wolf spider zombie (D:12)
  A harpy (shapeshifter) (Vaults:4)
  29 putrid demonspawn (Pan)
  An obsidian statue (Vaults:4)
  60 ugly things
  18 torturous demonspawn (Pan)
  15 orc knights
  An orb spider (shapeshifter) (Elf:2)
  A frost giant zombie (D:15)
  7 wolf spiders
  11 cyclopes
  12 shining eyes
  12 mana vipers
  2 worldbinders (Abyss:1)
  15 harpies
  4 oklob plants
  12 necromancers
  12 fauns
  11 griffons
  A hornet (shapeshifter) (Depths:5)
  A shining eye (shapeshifter) (Depths:2)
  2 salamanders (shapeshifter)
  26 moths of wrath
  3 manticores
  52 sixfirhies (Pan)
  10 salamanders
  4 hornets
  61 deep elf magi
  43 black mambas
  2 ice statues (IceCv)
  9 rust devils
  7 sirens
  4 eyes of devastation
  17 elephants
  5 guardian serpents
  95 smoke demons
  14 naga magi
  6 water nymphs
  A gargoyle (D:10)
  20 spiny frogs
  57 yaktaurs
  A yaktaur zombie (Depths:1)
  8 vault sentinels
  A spiny frog (shapeshifter) (Vaults:1)
  37 hellions
  50 orange demons (Pan)
  7 kobold demonologists
  3 efreet (Pan)
  55 demonic crawlers (Pan)
  5 komodo dragons
  6 freezing wraiths
  A komodo dragon (shapeshifter) (Depths:1)
  59 tormentors (Pan)
  5 tengu conjurers
  42 red devils
  A yaktaur skeleton (Depths:1)
  A ghost moth simulacrum (Abyss:1)
  A guardian mummy (D:15)
  9 ice devils (Pan)
  A queen bee (shapeshifter) (Elf:2)
  38 hellwings
  2 spriggan druids (Lair:8)
  2 rime drakes
  6 trolls
  8 polar bears
  21 merfolk
  A polar bear (shapeshifter) (Depths:3)
  2 jumping spiders (shapeshifter)
  4 wind drakes
  15 blink frogs
  A blink frog (shapeshifter) (Vaults:2)
  4 snapping turtles
  A raiju (Abyss:1)
  A boulder beetle (shapeshifter) (Depths:2)
  135 slime creatures
  A snapping turtle (shapeshifter) (Depths:4)
  3 boulder beetles (Vaults:3)
  12 two-headed ogres
  A removed MONS_TRAPDOOR_SPIDER (D:14)
  A human simulacrum (Vaults:2)
  28 starcursed masses
  A vampire (Abyss:1)
  A spriggan skeleton (D:15)
  Sigmund (D:2)
  15 redbacks
  12 air elementals
  84 ynoxinuls
  26 yaks
  73 large abominations
  4 fire bats (Pan)
  A shadow (D:11)
  A golden eye (shapeshifter) (D:15)
  7 wyverns
  4 basilisks
  9 hippogriffs
  8 wraiths
  Eustachio (D:6)
  24 golden eyes
  17 water elementals
  A tarantella (shapeshifter) (Vaults:1)
  A fire elemental (Hell)
  60 neqoxecs
  A hungry ghost (Abyss:1)
  85 chaos spawn
  8 wargs
  7 vampire mosquitoes
  19 wolves
  A steam dragon (D:9)
  9 spatial vortices
  50 nagas
  3 mottled dragons
  A giant eyeball (shapeshifter) (Depths:1)
  6 hell hounds
  5 giant eyeballs
  8 sky beasts
  8 porcupines
  A black bear (shapeshifter) (Vaults:1)
  24 water moccasins
  43 orc warriors
  5 wasps
  19 ice beasts
  2 phantoms
  4 black bears
  23 ogres
  6 eyes of draining
  26 centaurs
  13 boggarts
  A centaur (shapeshifter) (Depths:5)
  15 crocodiles
  7 big kobolds
  A gnoll sergeant (D:6)
  18 giant frogs
  4 earth elementals
  4 scorpions
  A wyvern skeleton (D:6)
  10 killer bees
  2 electric eels (Lair:5)
  A tengu skeleton (D:15)
  7 wights
  3 centaur zombies
  19 orc priests
  11 hounds
  2 quasits (Abyss:1)
  2 giant frog zombies (D:13)
  23 jellies
  12 crimson imps
  An iron imp (Abyss:1)
  4 giant frog skeletons
  7 hell rats (Lair:4)
  6 centaur skeletons
  26 orc wizards
  A killer bee zombie (D:5)
  11 worker ants
  9 iguanas
  21 sheep
  A hound zombie (D:11)
  2 hound skeletons
  5 gnolls (D:6)
  A worker ant zombie (D:6)
  37 river rats
  2 shadow imps
  16 adders
  15 white imps
  An ooze (D:2)
  An adder zombie (D:5)
  3 adder skeletons
  4 worms
  A ball lightning (Pan)
  6 giant geckos
  121 orcs
  5 giant cockroaches
  8 goblins
  15 hobgoblins
  16 jackals
  4 ball pythons
  7 bats
  A giant gecko zombie (D:7)
  6 giant newts
  29 kobolds
  5 quokkas
  A quokka skeleton (D:7)
  6 rats
  7 crawling corpses
  A fire vortex (Vaults:5)
  11 fungi
  19 plants
  9 starspawn tentacles
  A starspawn tentacle segment (Abyss:1)
  A withered plant (D:15)
4250 creatures vanquished.

Vanquished Creatures (collateral kills)
  An oklob plant (Lair:6)
1 creature vanquished.

Vanquished Creatures (others)
  A deep elf elementalist (Elf:3)
  2 draconian annihilators (Pan)
  A lorocyproca (Pan)
  A green death (Pan)
  An ogre mage (Vaults:3)
  A sun demon (Pan)
  A necromancer (Hell)
  A ynoxinul (Pan)
  2 chaos spawn
  An orc priest (D:15)
  6 ball lightnings (Pan)
  A quokka (D:7)
  13 eldritch tentacle segments (Pan)
  5 fungi
  A lurking horror (Abyss:1)
  22 plants
  10 starspawn tentacles
  134 starspawn tentacle segments
204 creatures vanquished.

Grand Total: 4455 creatures vanquished

Notes
Turn   | Place    | Note
-------+----------+-------------------------------------------
     0 | D:1      | zeke the Minotaur Fighter began the quest for the Orb.
     0 | D:1      | Reached XP level 1. HP: 19/19 MP: 0/0
   267 | D:1      | Reached XP level 2. HP: 25/27 MP: 1/1
   886 | D:2      | Reached XP level 3. HP: 31/33 MP: 2/2
  1186 | D:2      | Reached XP level 4. HP: 32/40 MP: 3/3
  1238 | D:2      | Noticed Sigmund
  1246 | D:2      | Killed Sigmund
  1246 | D:2      | Reached skill level 1 in Dodging
  1246 | D:2      | Reached XP level 5. HP: 12/47 MP: 4/4
  1973 | D:3      | Reached skill level 5 in Armour
  2139 | D:3      | Found a stormy altar of Qazlal.
  2164 | D:3      | Reached XP level 6. HP: 47/53 MP: 5/5
  2570 | D:3      | Reached skill level 5 in Fighting
  2570 | D:3      | Reached skill level 5 in Axes
  2570 | D:3      | Reached skill level 5 in Shields
  3053 | D:4      | Got a faintly glowing plate armour
  3071 | D:4      | Identified the +7 plate armour of a volcano {*Confuse +Blink Int+5} (You found it on level 4 of the Dungeon)
  3184 | D:4      | Reached XP level 7. HP: 37/61 MP: 6/6
  3508 | D:4      | Found a staircase to the Ecumenical Temple.
  3684 | Temple   | Entered the Ecumenical Temple
  3769 | Temple   | Became a worshipper of Warmaster Okawaru
  3990 | D:5      | Entered Level 5 of the Dungeon
  4003 | D:5      | Noticed Ace's ghost (novice MiGl)
  4510 | D:5      | Found a shimmering altar of Xom.
  4641 | D:5      | Found an ancient bone altar of Kikubaaqudgha.
  4641 | D:5      | Found a deep blue altar of Sif Muna.
  4859 | D:6      | Reached XP level 8. HP: 53/70 MP: 7/7
  4993 | D:6      | Noticed Eustachio
  5006 | D:6      | Killed Eustachio
  5251 | D:6      | Found a glowing drain.
  5255 | Sewer    | Entered a sewer
  5975 | D:6      | Found a basalt altar of Yredelemnul.
  5976 | D:6      | Upgraded the game from 0.18-a0-776-g7a8d288 to 0.18-a0-801-gb01a236
  5981 | D:6      | Reached * piety under Okawaru
  6886 | D:7      | Reached XP level 9. HP: 64/78 MP: 8/8
  6910 | D:7      | Found a white marble altar of Elyvilon.
  7458 | D:8      | Reached ** piety under Okawaru
  7792 | D:9      | Got a heavily runed plate armour
  7803 | D:9      | Identified the cursed +1 plate armour of the Original Sin {+Fly} (You found it on level 9 of the Dungeon)
  8039 | D:9      | Reached *** piety under Okawaru
  8104 | D:9      | Reached skill level 10 in Axes
  8104 | D:9      | Reached XP level 10. HP: 18/86 MP: 6/9
  8492 | D:9      | Reached skill level 10 in Armour
  8555 | D:9      | Found a staircase to the Lair.
  8749 | D:10     | Entered Level 10 of the Dungeon
  8806 | D:10     | Reached **** piety under Okawaru
  8875 | D:10     | Found a blossoming altar of Fedhas.
  8948 | D:10     | Gained mutation: You occasionally shout uncontrollably at your foes. [mutagenic meat]
  8949 | D:10     | Gained mutation: Your muscles are strong. (Str +2) [mutagenic meat]
  8951 | D:10     | Gained mutation: Your magical capacity is low. (-10% MP) [mutagenic meat]
  9075 | D:10     | Noticed a cyan ugly thing
  9099 | D:10     | Killed a cyan ugly thing
  9465 | D:10     | Found Fin Ollo's Armour Shop.
  9589 | D:10     | Upgraded the game from 0.18-a0-801-gb01a236 to 0.18-a0-844-g9229740
  9589 | D:10     | Upgraded the game from 0.18-a0-844-g9229740 to 0.18-a0-867-gfd1cc8f
  9597 | D:11     | Reached ***** piety under Okawaru
  9845 | D:11     | Gained mutation: Your body sometimes deteriorates upon taking damage. [mutagenic meat]
  9965 | D:11     | Found a shattered altar of Ashenzari.
 10191 | D:11     | Reached XP level 11. HP: 95/97 MP: 8/8
 10202 | D:11     | Noticed a hill giant
 10212 | D:11     | Killed a hill giant
 10797 | D:12     | Reached skill level 10 in Shields
 10868 | D:12     | Noticed Josephine
 11449 | D:12     | Killed Josephine
 11449 | D:12     | Received a gift from Okawaru
 11464 | D:12     | Upgraded the game from 0.18-a0-867-gfd1cc8f to 0.18-a0-952-g309898a
 11623 | D:12     | Noticed Gastronok
 11648 | D:12     | Killed Gastronok
 11648 | D:12     | Received a gift from Okawaru
 11648 | D:12     | Reached skill level 10 in Fighting
 11652 | D:12     | Got a transparent scale mail {god gift}
 11668 | D:12     | Identified the +1 scale mail of the Mind {rF+ Str+2} (Okawaru gifted it to you on level 12 of the Dungeon)
 11734 | D:12     | Noticed a soul eater
 11743 | D:12     | Reached skill level 1 in Stealth
 12081 | D:12     | Noticed Maud
 12207 | D:12     | Killed Maud
 12207 | D:12     | Reached XP level 12. HP: 54/107 MP: 4/11
 12786 | D:12     | Found Moacsamo's Armour Boutique.
 12788 | D:12     | Found a staircase to the Orcish Mines.
 12795 | D:12     | Found Caycoone's Weapon Boutique.
 12807 | D:12     | Received a gift from Okawaru
 12827 | D:12     | Got an encrusted broad axe {god gift}
 12828 | D:12     | Identified the +6 broad axe of Kotula {speed, rPois rN+ Str-2 Dex+3} (Okawaru gifted it to you on level 12 of the Dungeon)
 13084 | D:12     | Noticed Fannar
 13096 | D:12     | Killed Fannar
 13465 | Orc:1    | Entered Level 1 of the Orcish Mines
 13558 | Orc:1    | Found Liosauna's Magic Scroll Shop.
 13566 | Orc:1    | Bought a scroll of enchant armour for 112 gold pieces
 13566 | Orc:1    | Bought a scroll of identify for 30 gold pieces
 13566 | Orc:1    | Bought a scroll of identify for 30 gold pieces
 13566 | Orc:1    | Bought a scroll of acquirement for 780 gold pieces
 13653 | Orc:2    | Entered Level 2 of the Orcish Mines
 13683 | Orc:2    | Noticed HamOfTruth's ghost (journeyman DsBe)
 13708 | Orc:2    | Killed HamOfTruth's ghost
 13786 | Orc:2    | Found a flickering gateway to a bazaar.
 13791 | Bazaar   | Entered a bazaar
 13805 | Bazaar   | Found Bylu Puurgh's Armour Shoppe.
 13826 | Bazaar   | Found Peajo's General Store.
 13841 | Bazaar   | Found Fiatyfam's Food Emporium.
 13841 | Bazaar   | Found Disoim's Book Shoppe.
 13862 | Bazaar   | Found Tiafauh's Assorted Antiques.
 13866 | Bazaar   | Bought an inky potion for 22 gold pieces
 13866 | Bazaar   | Bought an ivory ring for 125 gold pieces
 13951 | Bazaar   | Bought a potion of might for 60 gold pieces
 13972 | Bazaar   | Bought a royal jelly for 18 gold pieces
 14189 | Orc:2    | Found a staircase to the Elven Halls.
 14581 | Orc:2    | Received a gift from Okawaru
 14630 | Orc:2    | Found Judofa's Distillery.
 14630 | Orc:2    | Found Josh's Food Emporium.
 14631 | Orc:2    | Paralysed by an orc sorcerer for 4 turns
 14636 | Orc:2    | Reached XP level 13. HP: 39/117 MP: 12/12
 14659 | Orc:2    | Found Asongeo's Weapon Shop.
 14659 | Orc:2    | Found Becotsa's Distillery.
 14665 | Orc:2    | Bought a potion of heal wounds for 70 gold pieces
 14665 | Orc:2    | Bought a potion of agility for 56 gold pieces
 14665 | Orc:2    | Gained mutation: You have sharp toenails. [potion of beneficial mutation]
 14669 | Orc:2    | Bought a potion of heal wounds for 80 gold pieces
 14669 | Orc:2    | Bought a potion of degeneration for 16 gold pieces
 14669 | Orc:2    | Bought a potion of mutation for 40 gold pieces
 15322 | Orc:1    | Reached ****** piety under Okawaru
 15508 | Orc:2    | Received a gift from Okawaru
 15920 | D:13     | Reached skill level 15 in Axes
 16341 | D:13     | Found a gate to the Vaults.
 16694 | D:13     | Received a gift from Okawaru
 17258 | D:14     | Received a gift from Okawaru
 17401 | D:14     | Reached XP level 14. HP: 124/129 MP: 8/13
 17445 | D:14     | Lost mutation: You have sharp toenails. [mutagenic meat]
 17446 | D:14     | Lost mutation: Your muscles are strong. (Str +2) [mutagenic meat]
 17447 | D:14     | Lost mutation: Your magical capacity is low. (-10% MP) [mutagenic meat]
 17768 | D:14     | Gained mutation: You sometimes yell uncontrollably at your foes. [mutagenic meat]
 17769 | D:14     | Gained mutation: You possess an exceptional clarity of mind. [mutagenic meat]
 17770 | D:14     | Gained mutation: Your flesh is cold resistant. (rC+) [mutagenic meat]
 17771 | D:14     | Gained mutation: You expend magic power (3 MP) to strengthen your wands. [mutagenic meat]
 17889 | D:14     | Found an opulent altar of Gozag.
 17994 | D:14     | Learned a level 6 spell: Statue Form
 18039 | D:14     | Lost mutation: You sometimes yell uncontrollably at your foes. [potion of cure mutation]
 18039 | D:14     | Lost mutation: Your body sometimes deteriorates upon taking damage. [potion of cure mutation]
 18039 | D:14     | Lost mutation: Your flesh is cold resistant. (rC+) [potion of cure mutation]
 18039 | D:14     | Lost mutation: You occasionally shout uncontrollably at your foes. [potion of cure mutation]
 18222 | D:14     | Received a gift from Okawaru
 18306 | D:15     | Entered Level 15 of the Dungeon
 18332 | D:15     | Found a staircase to the Depths.
 18332 | D:15     | Noticed a juggernaut zombie
 18375 | D:15     | Killed a juggernaut zombie
 18381 | D:15     | Reached skill level 15 in Armour
 18495 | D:14     | HP: 2/129 [white ugly thing (23)]
 18507 | D:14     | Received a gift from Okawaru
 18511 | D:14     | Gained mutation: You are somewhat resistant to further mutation. [mutagenic meat]
 18514 | D:14     | Got a bloodstained plate armour {god gift}
 18526 | D:14     | Identified the +5 plate armour of Generosity {rF+ rN+} (Okawaru gifted it to you on level 14 of the Dungeon)
 18902 | D:14     | Gained mutation: Your flesh is cold resistant. (rC+) [mutagenic meat]
 18905 | D:14     | Gained mutation: Scrolls take you a little longer to read. [mutagenic meat]
 19823 | D:15     | Learned a level 2 spell: Stoneskin
 20033 | Lair:1   | Entered Level 1 of the Lair of Beasts
 21638 | Lair:3   | Found a staircase to the Shoals.
 21802 | Lair:3   | Received a gift from Okawaru
 21805 | Lair:3   | Got a dazzling cloak {god gift}
 21816 | Lair:3   | Identified the +0 cloak "Cagyoceple" {Str+2} (Okawaru gifted it to you on level 3 of the Lair of Beasts)
 21839 | Lair:3   | Found a staircase to the Snake Pit.
 22260 | Lair:4   | Upgraded the game from 0.18-a0-952-g309898a to 0.18-a0-1043-g4533410
 22436 | Lair:4   | Reached XP level 15. HP: 123/138 MP: 16/16
 23002 | Lair:5   | Found a shimmering altar of Xom.
 24139 | Lair:6   | Found a staircase to the Slime Pits.
 25770 | Lair:6   | Reached skill level 1 in Evocations
 26123 | Lair:7   | Received a gift from Okawaru
 26152 | Lair:7   | Found a frozen archway.
 26195 | IceCv    | Entered an ice cave
 26556 | IceCv    | Got a twitching iron ring
 26558 | IceCv    | Identified the ring of Qehyth {rElec rPois Str+4 Int-4 SInv} (You found it in an ice cave)
 26927 | Lair:7   | Reached skill level 15 in Fighting
 27393 | Lair:8   | Entered Level 8 of the Lair of Beasts
 27597 | Lair:8   | Found a labyrinth entrance.
 27606 | Lab      | Entered a labyrinth
 28414 | Lab      | Received a gift from Okawaru
 28417 | Lab      | Got a slimy shield {god gift}
 28421 | Lab      | Identified the Volume of Igneous Attacks
 28480 | Lab      | Learned a level 6 spell: Haste
 28917 | Lair:8   | Reached XP level 16. HP: 142/149 MP: 18/18
 28974 | Lair:8   | Identified the -6 shield "Kemau" {rC+ Int+2 Dex-5 Stlth+} (Okawaru gifted it to you in a labyrinth)
 29632 | Snake:1  | Entered Level 1 of the Snake Pit
 29633 | Snake:1  | Upgraded the game from 0.18-a0-1043-g4533410 to 0.18-a0-1064-gd132116
 29634 | Snake:1  | Noticed Aizul
 29659 | Snake:1  | Killed Aizul
 30053 | Snake:1  | Noticed Asterion
 30069 | Snake:1  | Killed Asterion
 30498 | Snake:2  | Received a gift from Okawaru
 30973 | Snake:2  | Gained mutation: You have sharp toenails. [mutagenic meat]
 30975 | Snake:2  | Gained mutation: Your muscles are strong. (Str +2) [mutagenic meat]
 31418 | Snake:2  | Lost mutation: Your muscles are strong. (Str +2) [potion of cure mutation]
 31418 | Snake:2  | Lost mutation: You expend magic power (3 MP) to strengthen your wands. [potion of cure mutation]
 31418 | Snake:2  | Lost mutation: You possess an exceptional clarity of mind. [potion of cure mutation]
 31418 | Snake:2  | Lost mutation: You are somewhat resistant to further mutation. [potion of cure mutation]
 31418 | Snake:2  | Lost mutation: You have sharp toenails. [potion of cure mutation]
 31606 | Snake:3  | Reached XP level 17. HP: 93/158 MP: 19/19
 32128 | Snake:4  | Entered Level 4 of the Snake Pit
 32774 | Snake:4  | Received a gift from Okawaru
 32802 | Snake:4  | Reached skill level 5 in Dodging
 32866 | Snake:4  | Reached skill level 15 in Shields
 32904 | Snake:4  | Received a gift from Okawaru
 32932 | Snake:4  | Gained mutation: You possess an exceptional clarity of mind. [potion of mutation]
 32932 | Snake:4  | Gained mutation: You have a beak for a mouth. [potion of mutation]
 33959 | Snake:4  | Got a serpentine rune of Zot
 34008 | Snake:4  | Upgraded the game from 0.18-a0-1064-gd132116 to 0.18-a0-1180-g64ccc1e
 34218 | Slime:1  | Entered Level 1 of the Pits of Slime
 34218 | Slime:1  | Noticed an acid blob
 34224 | Slime:1  | Killed an acid blob
 34224 | Slime:1  | Received a gift from Okawaru
 34341 | Slime:1  | Found a viscous altar of Jiyva.
 34473 | Slime:2  | Noticed an acid blob
 34487 | Slime:2  | Gained mutation: You are frail. (-10% HP) [a shining eye]
 34492 | Slime:2  | Noticed an acid blob
 34495 | Slime:2  | Killed an acid blob
 34670 | Slime:1  | Noticed an acid blob
 34677 | Slime:1  | Killed an acid blob
 34677 | Slime:1  | Reached XP level 18. HP: 136/152 MP: 20/20
 35098 | Slime:2  | Received a gift from Okawaru
 35119 | Slime:2  | Got a slimy crystal plate armour {god gift}
 35130 | Slime:2  | Identified the +0 crystal plate armour of the Apprentice {rCorr MP+9 Str-5 Int+3} (Okawaru gifted it to you on level 2 of the Pits of Slime)
 35630 | Slime:3  | Upgraded the game from 0.18-a0-1180-g64ccc1e to 0.18-a0-1187-g9b90ff5
 37463 | Slime:5  | Received a gift from Okawaru
 37486 | Slime:5  | Got a crude shield {god gift}
 37497 | Slime:5  | Identified the +2 shield "Vylab" {+Inv Str+3} (Okawaru gifted it to you on level 5 of the Pits of Slime)
 38199 | Vaults:1 | Entered Level 1 of the Vaults
 38496 | Vaults:1 | Gained mutation: You tend to lose your temper in combat. [mutagenic meat]
 38497 | Vaults:1 | Lost mutation: You are frail. (-10% HP) [mutagenic meat]
 38678 | Vaults:1 | Gained mutation: You are weak. (Str -2) [mutagenic meat]
 38804 | Vaults:1 | Gained mutation: You have a pair of large horns on your head. [mutagenic meat]
 38806 | Vaults:1 | Gained mutation: You are very weak. (Str -4) [mutagenic meat]
 38817 | Vaults:1 | Gained mutation: You are partially covered in yellow scales. (AC +2) [mutagenic meat]
 38818 | Vaults:1 | Lost mutation: Your flesh is cold resistant. (rC+) [mutagenic meat]
 38820 | Vaults:1 | Gained mutation: Armour fits poorly on your strangely shaped body. [mutagenic meat]
 38888 | Vaults:1 | Reached XP level 19. HP: 179/179 MP: 21/21
 38994 | Vaults:1 | Lost mutation: Scrolls take you a little longer to read. [mutagenic meat]
 38996 | Vaults:1 | Lost mutation: You have a beak for a mouth. [mutagenic meat]
 39184 | Vaults:1 | Received a gift from Okawaru
 39214 | Vaults:1 | Gained mutation: You are agile. (Dex +2) [mutagenic meat]
 39403 | Vaults:1 | Upgraded the game from 0.18-a0-1187-g9b90ff5 to 0.18-a0-1731-g08f49a8
 39486 | Vaults:2 | Noticed valsik64's ghost (adept GrFi)
 39513 | Vaults:2 | Killed valsik64's ghost
 39563 | Vaults:2 | Noticed Xtahua
 39573 | Vaults:2 | Killed Xtahua
 39955 | Vaults:2 | Reached skill level 1 in Throwing
 39957 | Vaults:2 | Received a gift from Okawaru
 39994 | Vaults:2 | Found a staircase to the Crypt.
 40054 | Vaults:2 | Noticed Mennas
 40082 | Vaults:2 | Killed Mennas
 40485 | Vaults:2 | Found Puss's Food Boutique.
 40508 | Vaults:2 | Bought a meat ration for 65 gold pieces
 40508 | Vaults:2 | Bought a bread ration for 65 gold pieces
 40508 | Vaults:2 | Bought a meat ration for 65 gold pieces
 40508 | Vaults:2 | Bought a meat ration for 65 gold pieces
 40508 | Vaults:2 | Bought a meat ration for 65 gold pieces
 40508 | Vaults:2 | Bought a bread ration for 65 gold pieces
 40508 | Vaults:2 | Bought a slice of pizza for 19 gold pieces
 40508 | Vaults:2 | Bought a beef jerky for 19 gold pieces
 40508 | Vaults:2 | Bought a beef jerky for 19 gold pieces
 40613 | Vaults:3 | Received a gift from Okawaru
 40754 | Vaults:3 | Noticed Margery
 40780 | Vaults:3 | Killed Margery
 41170 | Vaults:3 | Reached XP level 20. HP: 160/189 MP: 22/22
 41188 | Vaults:3 | Found Ysmellet's Gadget Shop.
 41764 | Vaults:4 | Gained mutation: You are frail. (-10% HP) [potion of mutation]
 41869 | Vaults:4 | Received a gift from Okawaru
 41885 | Vaults:4 | Gained mutation: Scrolls take you a little longer to read. [mutagenic meat]
 41886 | Vaults:4 | Gained mutation: You evolve. [mutagenic meat]
 41893 | Vaults:4 | Got a slimy cloak {god gift}
 41904 | Vaults:4 | Identified the +2 cloak of Compression {Slay+4} (Okawaru gifted it to you on level 4 of the Vaults)
 42151 | Vaults:4 | Paralysed by a great orb of eyes for 2 turns
 42197 | Vaults:4 | Gained mutation: You are resistant to hostile enchantments. (MR+) [mutagenic meat]
 42199 | Vaults:4 | Gained mutation: Your skin changes colour to match your surroundings (Stealth+). [mutagenic meat]
 42200 | Vaults:4 | Lost mutation: You tend to lose your temper in combat. [mutagenic meat]
 42201 | Vaults:4 | Lost mutation: You have a pair of large horns on your head. [mutagenic meat]
 42202 | Vaults:4 | Lost mutation: You are frail. (-10% HP) [mutagenic meat]
 42203 | Vaults:4 | Gained mutation: You are partially covered in rough black scales. (AC +4, Dex -1) [mutagenic meat]
 42204 | Vaults:4 | Gained mutation: You occasionally shout uncontrollably at your foes. [mutagenic meat]
 42205 | Vaults:4 | Lost mutation: You are resistant to hostile enchantments. (MR+) [mutagenic meat]
 42206 | Vaults:4 | Gained mutation: Your spells are a little harder to cast, but a little more powerful. [mutagenic meat]
 42518 | Vaults:4 | Noticed Donald
 42528 | Vaults:4 | Killed Donald
 42580 | Vaults:4 | Noticed Boris
 42589 | Vaults:4 | Killed Boris
 42750 | Vaults:4 | Upgraded the game from 0.18-a0-1731-g08f49a8 to 0.19-a0-2-g57af7d0
 42757 | Vaults:5 | Entered Level 5 of the Vaults
 42784 | Vaults:5 | Received a gift from Okawaru
 42785 | Vaults:5 | Paralysed by a sphinx for 2 turns
 42787 | Vaults:5 | Gained mutation: You are surrounded by a mild repulsion field. (EV +2) [evolution]
 42860 | Vaults:5 | Lost mutation: You possess an exceptional clarity of mind. [mutagenic meat]
 42948 | Vaults:5 | Gained mutation: Your body sometimes deteriorates upon taking damage. [mutagenic meat]
 42999 | Vaults:5 | Reached XP level 21. HP: 180/201 MP: 23/23
 43020 | Vaults:5 | Got a silver rune of Zot
 43092 | Vaults:5 | Got a smoking steel ring
 43118 | Vaults:5 | Identified the ring "Goll" {*Drain rC- MR+++ Dex+5 Stlth-} (You found it on level 5 of the Vaults)
 43167 | Vaults:5 | Noticed an ancient lich
 43185 | Vaults:5 | Killed an ancient lich
 43253 | Vaults:5 | Found Qeanept's Gadget Shoppe.
 43263 | Vaults:5 | Received a gift from Okawaru
 43674 | Vaults:5 | Gained mutation: Your mind is acute. (Int +2) [mutagenic meat]
 43675 | Vaults:5 | Lost mutation: You are very weak. (Str -4) [mutagenic meat]
 43676 | Vaults:5 | Lost mutation: You evolve. [mutagenic meat]
 43869 | Vaults:5 | Received a gift from Okawaru
 43890 | Vaults:5 | Received a gift from Okawaru
 44184 | Vaults:5 | Identified the Disquisition on Attacks and Boosts
 44232 | Vaults:5 | Noticed a golden dragon
 44244 | Vaults:5 | Killed a golden dragon
 44444 | Vaults:5 | Gained mutation: Your body often deteriorates upon taking damage. [potion of mutation]
 44444 | Vaults:5 | Gained mutation: Your flesh is cold resistant. (rC+) [potion of mutation]
 45411 | Shoals:1 | Entered Level 1 of the Shoals
 45430 | Shoals:1 | Noticed Louise
 45439 | Shoals:1 | Killed Louise
 46238 | Shoals:1 | Upgraded the game from 0.19-a0-2-g57af7d0 to 0.19-a0-835-gf140595
 46239 | Shoals:2 | Noticed Polyphemus
 46259 | Shoals:2 | Killed Polyphemus
 46259 | Shoals:2 | Reached XP level 22. HP: 211/211 MP: 17/24
 47018 | Shoals:3 | Received a gift from Okawaru
 47401 | Shoals:3 | Reached skill level 27 in Axes
 47628 | Shoals:3 | Upgraded the game from 0.19-a0-835-gf140595 to 0.19-a0-958-gd69d43c
 47629 | Shoals:4 | Entered Level 4 of the Shoals
 47783 | Shoals:4 | Received a gift from Okawaru
 47798 | Shoals:4 | Noticed Ilsuiw
 47816 | Shoals:4 | Noticed Implojin's ghost (journeyman TrFi)
 47836 | Shoals:4 | Killed Implojin's ghost
 47839 | Shoals:4 | Killed Ilsuiw
 47962 | Shoals:4 | Got a barnacled rune of Zot
 48016 | Shoals:4 | Found Giostret's Gadget Boutique.
 48116 | Shoals:4 | Bought a wand of hasting (6/9) for 1080 gold pieces
 48858 | Slime:6  | Entered Level 6 of the Pits of Slime
 48882 | Slime:6  | Gained mutation: You are very weak. (Str -4) [a shining eye]
 48884 | Slime:6  | Gained mutation: You are occasionally teleported next to monsters. [a shining eye]
 49260 | Elf:1    | Entered Level 1 of the Elven Halls
 49289 | Elf:1    | Found Pyroytot's Magic Scroll Boutique.
 49304 | Elf:1    | Bought a scroll of recharging for 190 gold pieces
 49304 | Elf:1    | Bought a scroll of identify for 40 gold pieces
 49304 | Elf:1    | Bought a scroll of identify for 40 gold pieces
 49304 | Elf:1    | Bought a scroll of identify for 40 gold pieces
 49304 | Elf:1    | Bought a scroll of blinking for 150 gold pieces
 49304 | Elf:1    | Bought a scroll of enchant armour for 150 gold pieces
 49304 | Elf:1    | Bought a scroll of blinking for 150 gold pieces
 49535 | Elf:1    | Found a deep blue altar of Sif Muna.
 49537 | Elf:1    | Noticed Frances
 49548 | Elf:1    | Killed Frances
 49761 | Elf:1    | Identified the Papyrus of the Shore (You found it on level 1 of the Elven Halls)
 50191 | Elf:2    | Found a huge runed gate.
 50192 | Elf:2    | Found a huge runed gate.
 50193 | Elf:2    | Found a huge runed gate.
 50194 | Elf:2    | Found a huge runed gate.
 50195 | Elf:2    | Found a huge runed gate.
 50740 | Elf:2    | Lost mutation: Scrolls take you a little longer to read. [mutagenic meat]
 50850 | Elf:3    | Entered Level 3 of the Elven Halls
 50877 | Elf:3    | Received a gift from Okawaru
 50903 | Elf:3    | Got a pair of scorched gloves {god gift}
 50914 | Elf:3    | Identified the +1 pair of gloves of Decompression {rCorr Str-3 Int+5 Slay+3} (Okawaru gifted it to you on level 3 of the Elven Halls)
 51000 | Elf:3    | Reached XP level 23. HP: 223/223 MP: 25/25
 51007 | Elf:3    | Got a spiked cloak
 51018 | Elf:3    | Identified the +0 cloak of Follow the Leader {Regen+ Int+2 Dex-2} (You acquired it on level 3 of the Elven Halls)
 51036 | Elf:3    | Found Iphoskem's Assorted Antiques.
 51441 | Elf:3    | Identified the Catalogue of Boosts
 51454 | Elf:3    | Got a translucent hat
 51465 | Elf:3    | Identified the +0 hat of Creativity {Str+7 Int-4 Dex+2 Slay+4} (You found it on level 3 of the Elven Halls)
 51465 | Elf:3    | Lost intelligence.
 51563 | Elf:3    | Got a bloodstained cloak
 51574 | Elf:3    | Identified the +0 cloak of Wefesis {Dex+3} (You found it on level 3 of the Elven Halls)
 51594 | Elf:3    | Got a faintly glowing marble ring
 51596 | Elf:3    | Identified the cursed ring "Kehith" {rF- MR++ EV-2 Stlth+} (You took it off a deep elf demonologist on level 3 of the Elven Halls)
 51679 | Elf:3    | Got a pair of brightly glowing gloves
 51680 | Elf:3    | Identified the +0 pair of gloves of the Secret Beggars {*Corrode Regen+ Dex+3} (You found it on level 3 of the Elven Halls)
 51756 | Elf:3    | Got an iridescent hand axe
 51757 | Elf:3    | Identified the +12 hand axe "Jipynt" {chop, Int+4} (You found it on level 3 of the Elven Halls)
 52101 | Depths:1 | Entered Level 1 of the Depths
 52190 | Depths:1 | Received a gift from Okawaru
 52232 | Depths:1 | Lost mutation: You are very weak. (Str -4) [mutagenic meat]
 52332 | Depths:1 | Lost mutation: Armour fits poorly on your strangely shaped body. [mutagenic meat]
 52335 | Depths:1 | Gained mutation: You are robust. (+10% HP) [mutagenic meat]
 52350 | Depths:1 | Lost mutation: You occasionally shout uncontrollably at your foes. [mutagenic meat]
 52356 | Depths:1 | Lost mutation: Your mind is acute. (Int +2) [mutagenic meat]
 52359 | Depths:1 | Gained mutation: You have a pair of large horns on your head. [mutagenic meat]
 52810 | Depths:1 | Gained mutation: You possess an exceptional clarity of mind. [mutagenic meat]
 52813 | Depths:1 | Lost mutation: Your body often deteriorates upon taking damage. [mutagenic meat]
 52816 | Depths:1 | Lost mutation: You are partially covered in rough black scales. (AC +4, Dex -1) [mutagenic meat]
 52833 | Depths:1 | Gained mutation: You are partially covered in rough black scales. (AC +4, Dex -1) [mutagenic meat]
 52836 | Depths:1 | Gained mutation: You are somewhat resistant to further mutation. [mutagenic meat]
 52848 | Depths:1 | Lost mutation: You are partially covered in yellow scales. (AC +2) [mutagenic meat]
 52937 | Depths:1 | Found a gateway to Hell.
 53395 | Depths:2 | Found a radiant altar of Vehumet.
 53396 | Depths:2 | Noticed Akett's ghost (veteran MiGl)
 53427 | Depths:2 | Killed Akett's ghost
 53513 | Depths:2 | Noticed Sojobo
 53523 | Depths:2 | Killed Sojobo
 53523 | Depths:2 | Received a gift from Okawaru
 53617 | Depths:2 | Found a white marble altar of Elyvilon.
 53747 | Depths:2 | Reached XP level 24. HP: 206/254 MP: 25/25
 53778 | Depths:2 | Found a glowing golden altar of the Shining One.
 53778 | Depths:2 | Noticed a juggernaut
 53791 | Depths:2 | Killed a juggernaut
 53831 | Depths:2 | Received a gift from Okawaru
 53908 | Depths:2 | Noticed Saint Roka
 53925 | Depths:2 | Killed Saint Roka
 53958 | Depths:2 | Got a sparkling lead ring
 53959 | Depths:2 | Identified the ring of Retheah {+Fly rC+ Str+3} (You found it on level 2 of the Depths)
 54027 | Depths:2 | Identified the ring "Duthraggi" {Fire +Fly MR+ Int+3} (You took it off a spriggan air mage on level 2 of the Depths)
 54362 | Depths:2 | Got a heavily runed silver ring
 54363 | Depths:2 | Identified the ring "Sykluim" {Dex+4 SInv} (You took it off a yaktaur on level 2 of the Depths)
 54384 | Depths:2 | Upgraded the game from 0.19-a0-958-gd69d43c to 0.19-a0-990-gf36c7f1
 54413 | Depths:3 | Found a gateway to a ziggurat.
 54474 | Depths:3 | Got a heavily runed hat
 54475 | Depths:3 | Identified the +1 hat of Follow the Leader {*Contam rElec rF+++ Int+2} (You found it on level 3 of the Depths)
 54594 | Depths:3 | Found a one-way gate leading to the halls of Pandemonium.
 55139 | Depths:3 | Received a gift from Okawaru
 55169 | Depths:3 | Lost mutation: You are weak. (Str -2) [mutagenic meat]
 55343 | Depths:3 | Gained mutation: You have sharp toenails. [mutagenic meat]
 55489 | Depths:4 | Noticed a juggernaut
 55505 | Depths:4 | Killed a juggernaut
 55533 | Depths:4 | Reached skill level 27 in Shields
 55716 | Depths:4 | Found a one-way gate to the infinite horrors of the Abyss.
 55870 | Depths:4 | You are sucked into a shaft!
 55870 | Depths:5 | Entered Level 5 of the Depths
 55936 | Depths:5 | Reached skill level 5 in Throwing
 55937 | Depths:5 | Found a gate to the Realm of Zot.
 55939 | Depths:5 | Reached XP level 25. HP: 243/261 MP: 25/25
 56015 | Depths:5 | Received a gift from Okawaru
 56018 | Depths:5 | Got a pair of bloodstained gloves {god gift}
 56019 | Depths:5 | Identified the +1 pair of gloves of the Zebra {*Confuse rElec Int+6 SInv} (Okawaru gifted it to you on level 5 of the Depths)
 56198 | Depths:5 | Lost mutation: You possess an exceptional clarity of mind. [mutagenic meat]
 56201 | Depths:5 | Gained mutation: Your muscles are strong. (Str +2) [mutagenic meat]
 56355 | Depths:5 | Gained mutation: Your mind is acute. (Int +2) [mutagenic meat]
 56391 | Depths:5 | Reached skill level 10 in Throwing
 56637 | Depths:5 | Noticed Frederick
 56654 | Depths:5 | Killed Frederick
 57498 | Depths:1 | Lost mutation: You are agile. (Dex +2) [mutagenic meat]
 58003 | Slime:6  | Noticed the Royal Jelly
 58019 | Slime:6  | Killed the Royal Jelly
 58019 | Slime:6  | Received a gift from Okawaru
 58019 | Slime:6  | Received a gift from Okawaru
 58383 | Slime:6  | Gained mutation: Your magical capacity is low. (-10% MP) [a shining eye]
 58743 | Slime:6  | Got a slimy rune of Zot
 58788 | Slime:6  | Got a smoking cloak
 58789 | Slime:6  | Identified the +3 cloak of the Earth {Dex+5} (You found it on level 6 of the Pits of Slime)
 58827 | Slime:6  | Got a bloodstained ice dragon armour
 58828 | Slime:6  | Identified the +1 ice dragon armour of Theory {+Blink rF- rC++ Str+3} (You found it on level 6 of the Pits of Slime)
 59540 | Zot:1    | Entered Level 1 of the Realm of Zot
 60045 | Zot:1    | Reached skill level 15 in Throwing
 60055 | Zot:1    | Reached XP level 26. HP: 219/270 MP: 22/22
 60390 | Zot:2    | Received a gift from Okawaru
 61051 | Zot:3    | Received a gift from Okawaru
 61437 | Zot:3    | Received a gift from Okawaru
 61832 | Zot:4    | Received a gift from Okawaru
 62570 | Zot:5    | Entered Level 5 of the Realm of Zot
 62713 | Zot:5    | Noticed an ancient lich
 62722 | Zot:5    | Killed an ancient lich
 62722 | Zot:5    | Reached XP level 27. HP: 279/279 MP: 22/22
 62748 | Zot:5    | Received a gift from Okawaru
 62767 | Zot:5    | Noticed an orb of fire
 62775 | Zot:5    | Noticed an orb of fire
 62781 | Zot:5    | Noticed an orb of fire
 62781 | Zot:5    | Killed an orb of fire
 62793 | Zot:5    | Killed an orb of fire
 62794 | Zot:5    | Killed an orb of fire
 62828 | Zot:5    | Noticed an orb of fire
 62832 | Zot:5    | Noticed an orb of fire
 62845 | Zot:5    | Killed an orb of fire
 62852 | Zot:5    | Killed an orb of fire
 62874 | Zot:5    | Received a gift from Okawaru
 63124 | Zot:5    | Noticed an orb of fire
 63135 | Zot:5    | Killed an orb of fire
 63139 | Zot:5    | Noticed an orb of fire
 63142 | Zot:5    | Gained mutation: You are clumsy. (Dex -2) [an orb of fire]
 63155 | Zot:5    | Killed an orb of fire
 63844 | Depths:4 | Upgraded the game from 0.19-a0-990-gf36c7f1 to 0.19-a0-994-g3c636f0
 63846 | Depths:4 | Voluntarily entered the Abyss.
 63848 | Abyss:1  | Found a corrupted altar of Lugonu.
 64477 | Abyss:1  | Found a stormy altar of Qazlal.
 64485 | Abyss:1  | Found a stormy altar of Qazlal.
 64760 | Abyss:3  | Reached skill level 1 in Spellcasting
 64797 | Abyss:3  | Found a corrupted altar of Lugonu.
 64838 | Abyss:3  | Got an abyssal rune of Zot
 64977 | Depths:4 | Escaped the Abyss
 65022 | Hell     | Entered the Vestibule of Hell
 65022 | Hell     | Noticed Geryon
 65042 | Hell     | Killed Geryon
 65049 | Hell     | Received a gift from Okawaru
 65361 | Pan      | Entered Pandemonium
 65422 | Pan      | Noticed Bocaept the pandemonium lord
 65432 | Pan      | Killed Bocaept the pandemonium lord
 65438 | Pan      | Got a demonic rune of Zot
 65760 | Pan      | Reached skill level 5 in Spellcasting
 65930 | Pan      | Reached skill level 10 in Dodging
 65982 | Pan      | Found an exit through the horrors of the Abyss.
 66367 | Pan      | Gained mutation: Scrolls take you a little longer to read. [a neqoxec]
 66407 | Pan      | Gained mutation: You expend magic power (3 MP) to strengthen your wands. [a neqoxec]
 66618 | Pan      | Found an exit through the horrors of the Abyss.
 66715 | Pan      | Received a gift from Okawaru
 67119 | Pan      | Noticed Jeviras the pandemonium lord
 68134 | Pan      | Killed Jeviras the pandemonium lord
 68222 | Pan      | Noticed Nuch the pandemonium lord
 68238 | Pan      | Gained mutation: Your magical capacity is very low. (-20% MP) [a cacodemon]
 68262 | Pan      | Killed Nuch the pandemonium lord
 68333 | Pan      | Found an exit through the horrors of the Abyss.
 68945 | Pan      | Noticed Puiliq the pandemonium lord
 68977 | Pan      | Killed Puiliq the pandemonium lord
 69215 | Pan      | Found an exit through the horrors of the Abyss.
 69637 | Pan      | Gained mutation: You tend to lose your temper in combat. [a neqoxec]
 70073 | Pan      | Received a gift from Okawaru
 70414 | Pan      | Received a gift from Okawaru
 70672 | Pan      | Reached skill level 15 in Dodging
 70757 | Pan      | Found a glowing silver altar of Zin.
 70792 | Pan      | Got a smoking large shield
 70795 | Pan      | Identified the cursed +0 large shield of the Hare {Dex+3 Slay+3} (You took it off a daeva in Pandemonium)
 70942 | Pan      | Reached skill level 10 in Spellcasting
 71018 | Pan      | Reached skill level 1 in Charms
 71128 | Pan      | Found a glowing golden altar of the Shining One.
 71128 | Pan      | Noticed a seraph
 71137 | Pan      | Killed a seraph
 71138 | Pan      | Received a gift from Okawaru
 71303 | Pan      | Got a heavily runed ice dragon armour
 71306 | Pan      | Identified the cursed +1 ice dragon armour "Voomaarr" {rF- rC++ rCorr Int+4} (You found it in Pandemonium)
 71339 | Pan      | Found a white marble altar of Elyvilon.
 71354 | Pan      | Received a gift from Okawaru
 71814 | Pan      | Reached skill level 5 in Charms
 72160 | Depths:3 | Escaped Pandemonium
 72181 | Pan      | Entered Pandemonium
 72454 | Pan      | Found an exit through the horrors of the Abyss.
 72468 | Pan      | Noticed Moytt the pandemonium lord
 72479 | Pan      | Killed Moytt the pandemonium lord
 72479 | Pan      | Received a gift from Okawaru
 72972 | Pan      | Found an exit through the horrors of the Abyss.
 73192 | Pan      | Noticed Etyamm the pandemonium lord
 73733 | Pan      | Killed Etyamm the pandemonium lord
 74072 | Pan      | Found an exit through the horrors of the Abyss.
 74222 | Pan      | Received a gift from Okawaru
 74225 | Pan      | Got a smoking broad axe {god gift}
 74228 | Pan      | Identified the +5 broad axe "Helirawo" {freeze, rElec rC+} (Okawaru gifted it to you in Pandemonium)
 74588 | Pan      | Noticed Nykhleni the pandemonium lord
 74612 | Pan      | Killed Nykhleni the pandemonium lord
 74641 | Pan      | Got a shimmering brass amulet
 74646 | Pan      | Identified the amulet "Zetaece" {Harm *Drain Int+5} (You found it in Pandemonium)
 74797 | Pan      | Noticed Mathin the pandemonium lord
 74805 | Pan      | Killed Mathin the pandemonium lord
 74958 | Pan      | Found an exit through the horrors of the Abyss.
 75456 | Pan      | Found a runed door.
 75577 | Pan      | Found a runed door.
 75623 | Pan      | Found a runed door.
 75626 | Pan      | Found a runed door.
 75657 | Pan      | Noticed Buix Jotrya the pandemonium lord
 75667 | Pan      | Killed Buix Jotrya the pandemonium lord
 75667 | Pan      | Received a gift from Okawaru
 76025 | Pan      | Found an exit through the horrors of the Abyss.
 76327 | Pan      | Reached skill level 10 in Charms
 76460 | Pan      | Found an exit through the horrors of the Abyss.
 77682 | Pan      | Noticed Naane the pandemonium lord
 77704 | Pan      | Killed Naane the pandemonium lord
 78376 | Pan      | Received a gift from Okawaru
 78553 | Pan      | Identified the Guide on Augmentations
 78719 | Pan      | Noticed Adary the pandemonium lord
 78926 | Pan      | Received a gift from Okawaru
 78932 | Pan      | Got a translucent large shield {god gift}
 78988 | Pan      | Killed Adary the pandemonium lord
 79229 | Pan      | Found an exit through the horrors of the Abyss.
 79273 | Pan      | Identified the +0 large shield "Kiedghodd" {rN+ Str+4 Int+5} (Okawaru gifted it to you in Pandemonium)
 79365 | Pan      | Found a runed door.
 79489 | Pan      | Entered the realm of Mnoleg.
 79753 | Pan      | Gained mutation: Armour fits poorly on your strangely shaped body. [a neqoxec]
 79801 | Pan      | Noticed Mnoleg
 79826 | Pan      | Paralysed by a giant eyeball for 4 turns
 79847 | Pan      | Paralysed by a giant eyeball for 2 turns
 79853 | Pan      | Gained mutation: You often lose your temper in combat. [Mnoleg's mutagenic touch]
 79859 | Pan      | Killed Mnoleg
 79862 | Pan      | Paralysed by a giant eyeball for 2 turns
 79987 | Pan      | Found an exit through the horrors of the Abyss.
 80035 | Pan      | Got a crystal broad axe
 80123 | Pan      | Got a glowing rune of Zot
 80237 | Pan      | Found an exit through the horrors of the Abyss.
 80425 | Pan      | Found a runed door.
 80439 | Pan      | Found a runed door.
 80440 | Pan      | Noticed Hup Ytez the pandemonium lord
 80452 | Pan      | Found a runed door.
 80452 | Pan      | Found a runed door.
 80463 | Pan      | Killed Hup Ytez the pandemonium lord
 80505 | Pan      | Received a gift from Okawaru
 80919 | Pan      | Upgraded the game from 0.19-a0-994-g3c636f0 to 0.19-a0-998-gfd37873
 81005 | Pan      | Reached skill level 15 in Charms
 81019 | Pan      | Noticed Ybukitag the pandemonium lord
 81039 | Pan      | Killed Ybukitag the pandemonium lord
 81039 | Pan      | Received a gift from Okawaru
 81304 | Pan      | Received a gift from Okawaru
 81307 | Pan      | Got a faintly glowing long sword {god gift}
 81778 | Pan      | Found an exit through the horrors of the Abyss.
 81951 | Pan      | Noticed Sotef the pandemonium lord
 81958 | Pan      | Killed Sotef the pandemonium lord
 82345 | Pan      | Identified a +2 rod of ignition (12/12) (You found it in Pandemonium)
 82566 | Pan      | Found an exit through the horrors of the Abyss.
 82737 | Pan      | Received a gift from Okawaru
 82833 | Pan      | Noticed Siquh the pandemonium lord
 82857 | Pan      | Killed Siquh the pandemonium lord
 82867 | Pan      | Got a pitted hand axe
 83370 | Pan      | Found an exit through the horrors of the Abyss.
 83464 | Pan      | Found an exit through the horrors of the Abyss.
 83668 | Pan      | Lost mutation: Your muscles are strong. (Str +2) [a neqoxec]
 83848 | Pan      | Noticed Wozi the pandemonium lord
 83865 | Pan      | Killed Wozi the pandemonium lord
 84308 | Pan      | Found an exit through the horrors of the Abyss.
 84396 | Pan      | Noticed Qeimoive the pandemonium lord
 84427 | Pan      | Killed Qeimoive the pandemonium lord
 85010 | Pan      | Received a gift from Okawaru
 85320 | Pan      | Identified the +5 broad axe of Jeugen {freeze, -Tele +Rage Int+8} (You found it in Pandemonium)
 85322 | Pan      | Identified the +2 hand axe of Surack {distort, rPois Str+4} (You found it in Pandemonium)
 85327 | Pan      | Entered the realm of Lom Lobon.
 85521 | Pan      | Received a gift from Okawaru
 85524 | Pan      | Got a distressingly furry large shield {god gift}
 85706 | Pan      | Noticed Lom Lobon
 85725 | Pan      | Killed Lom Lobon
 85774 | Pan      | Got a magical rune of Zot
 86021 | Pan      | Found an exit through the horrors of the Abyss.
 86823 | Pan      | Found an exit through the horrors of the Abyss.
 86997 | Pan      | Got a brightly glowing large shield
 87054 | Pan      | Found a runed door.
 87365 | Pan      | Noticed Vorung the pandemonium lord
 87400 | Pan      | Killed Vorung the pandemonium lord
 87660 | Pan      | Found an exit through the horrors of the Abyss.
 87822 | Pan      | Received a gift from Okawaru
 87882 | Pan      | Noticed Goqevax the pandemonium lord
 87913 | Pan      | Killed Goqevax the pandemonium lord
 88573 | Pan      | Found an exit through the horrors of the Abyss.
 88585 | Pan      | Noticed Quoqios the pandemonium lord
 88793 | Pan      | Killed Quoqios the pandemonium lord
 89596 | Pan      | Upgraded the game from 0.19-a0-998-gfd37873 to 0.19-a0-1002-g674d22e
 89878 | Pan      | Found an exit through the horrors of the Abyss.
 90302 | Pan      | Noticed Pogoxkog the pandemonium lord
 90322 | Pan      | Killed Pogoxkog the pandemonium lord
 90340 | Pan      | HP: 11/279 [Tzitzimitl/bolt of negative energy (18)]
 90944 | Pan      | Found an exit through the horrors of the Abyss.
 90990 | Pan      | Received a gift from Okawaru
 91027 | Pan      | Noticed Xuiza the pandemonium lord
 91057 | Pan      | Killed Xuiza the pandemonium lord
 92978 | Pan      | Found an exit through the horrors of the Abyss.
 93158 | Pan      | Noticed Fohes the pandemonium lord
 93183 | Pan      | Killed Fohes the pandemonium lord
 93599 | Pan      | Found a huge runed gate.
 93687 | Pan      | Received a gift from Okawaru
 94087 | Pan      | Found an exit through the horrors of the Abyss.
 94403 | Pan      | Noticed Fetyri the pandemonium lord
 94461 | Pan      | Killed Fetyri the pandemonium lord
 94539 | Pan      | Found a runed door.
 94545 | Pan      | Found a runed door.
 94559 | Pan      | Found a runed door.
 94575 | Pan      | Found a runed door.
 94782 | Pan      | Found an exit through the horrors of the Abyss.
 95183 | Pan      | Noticed Hurinel the pandemonium lord
 95191 | Pan      | Killed Hurinel the pandemonium lord
 95256 | Pan      | Identified the +7 large shield of Pehuuh {rElec} (Okawaru gifted it to you in Pandemonium)
 95258 | Pan      | Identified the cursed +0 large shield "Zigoceqy" {Stlth+} (You found it in Pandemonium)
 95260 | Pan      | Identified the Papyrus of Earthen Air (You found it in Pandemonium)
 95267 | Depths:3 | Escaped Pandemonium
 95284 | Pan      | Entered Pandemonium
 95332 | Pan      | Reached skill level 1 in Conjurations
 95472 | Pan      | Noticed Museisofes the pandemonium lord
 95505 | Pan      | Killed Museisofes the pandemonium lord
 95512 | Pan      | Received a gift from Okawaru
 95518 | Pan      | Reached skill level 5 in Conjurations
 95835 | Pan      | Gained mutation: You occasionally shout uncontrollably at your foes. [a cacodemon]
 96069 | Pan      | Found an exit through the horrors of the Abyss.
 96237 | Pan      | Received a gift from Okawaru
 96347 | Pan      | Found an exit through the horrors of the Abyss.
 96476 | Pan      | Found a runed door.
 96516 | Pan      | Reached skill level 10 in Conjurations
 96681 | Pan      | Gained mutation: You are weak. (Str -2) [a cacodemon]
 97173 | Pan      | Noticed Quuvez the pandemonium lord
 97195 | Pan      | Killed from afar by Quuvez the pandemonium lord

Vault maps used:
D:1:      lightli_arrival_flooded_house, kennysheep_nondescript
D:2:      uniq_sigmund
D:3:      old_standard_altar, first_bread, minmay_bisected
D:4:      minmay_temple_entry_purple_smoke, minmay_misc_feat_encased
D:5:      nicolae_overflow_hidden_temple, led_xom_imps
D:6:      gup_sewer_entry_spiral, basic_altar, uniq_eustachio
D:7:      elyvilon_altar_4
D:9:      lair_0_dummy
D:10:     serial_shops, shop, grunt_pizzeria, fedhas_altar_fruit_tree
D:11:     evilmike_ruin_ashenzari
D:12:     orc_david_3, lemuel_nasty_fountain, uniq_josephine, uniq_maud,
          uniq_gastronok, uniq_fannar
D:13:     cheibrodos_orc_bank, hangedman_vaults_entry_quadrant_bands,
          minmay_unpleasant_kobolds
D:14:     lemuel_upstairs_altar, minmay_holes, grunt_gozag_statues
D:15:     gammafunk_depths_entry_grave, library_closet
Temple:   lightli_temple_of_artemis
Lair:1:   serial_bayou_ford_a, serial_bayou_shore_b
Lair:3:   elwin_shoals_entry_rocks, dummy_snake_entry
Lair:4:   eino_small_chamber_without_monster, beast_lair_carwin_6,
          grunt_megastairs_3
Lair:5:   beast_lair_carwin_large_3, basic_altar, serial_bayou_lake_a
Lair:6:   minmay_slime_entry_oklob_enclosed
Lair:7:   portal_ice_cave_entry_imps
Lair:8:   minmay_lair_end_enchanted_forest, lab_entry_generic, dpeg_oklob_1
Shoals:1: yaktaur_hedge, uniq_louise
Shoals:2: uniq_polyphemus
Shoals:4: shoals_end_grunt_garden, shoal_ilsuiw, serial_shops,
          nicolae_shop_crystal
Snake:1:  cheibrodos_snake_ritualist_ritual, uniq_asterion, uniq_aizul
Snake:4:  johnstein_snake_rune_scales, basic_stair_grate_trap
Slime:1:  cheibrodos_slime_lost_civilization_1, basic_altar
Slime:4:  nicolae_slime_phagocytosis
Slime:5:  cheibrodos_slime_lost_civilization_7
Orc:1:    serial_shops, shop_scrolls
Orc:2:    grunt_orc_tribal_feast, serial_shops, bzr_entry_road
Elf:1:    eino_elf_arrival_sip, basic_altar, serial_shops,
          nicolae_shop_statue_plus, minmay_elf_annihilation, abandoned_shop,
          roderic_lattice_octagonal_star, uniq_frances
Elf:3:    minmay_elf_hall, serial_shops, nicolae_shop_waterfront, sword_in_stone
Vaults:1: ontoclasm_vaults_decontamination, v_misc_3, v_misc_15, v_misc_17,
          nicolae_vaults_what_the_h, v_misc_32, v_pattern_5,
          nicolae_vaults_shelves_hall, nicolae_vaults_border_crossing,
          hangedman_vaults_pinch, vaults_room_pool,
          nicolae_vaults_little_squares_1
Vaults:2: ontoclasm_vaults_misaligned, hangedman_vaults_hard_town_square,
          vaults_room_grid, grunt_vaults_focal, vaults_room_stairs_pillars,
          hangedman_vaults_nails, ontoclasm_vaults_loading_screen,
          dummy_crypt_entry, serial_shops, shop, uniq_xtahua, uniq_mennas
Vaults:3: hangedman_vaults_slither, hangedman_vaults_stagger,
          ontoclasm_vaults_ring_square, nicolae_vaults_circle_grid_b,
          hangedman_vaults_cutoff, vaults_room_fancy_cross,
          vaults_mumra_hexcomb, vaults_dpeg_diagonal,
          grunt_vaults_hallway_short, nicolae_vaults_yaktaur_gun_rack,
          vaults_mumra_hex, vaults_room_hangedman_quadrants, serial_shops,
          nicolae_shop_trees, uniq_margery
Vaults:4: vaults_room_door_hall, vaults_dpeg_spiral, nicolae_vaults_little_ls,
          v_misc_19, hangedman_vaults_locks, v_misc_24, vaults_dpeg_hooks,
          vaults_room_hallway, v_misc_19, nicolae_vaults_statue_guard,
          vaults_room_pools, ontoclasm_vaults_tryst, vaults_dpeg_ring,
          uniq_boris, uniq_donald
Vaults:5: serial_shops
Depths:1: pf_dread_powers_of_hell, serial_co_window_serial, co_window_cross_1,
          co_window_paths_a, co_window_paths_a, co_window_paths_a,
          co_window_paths_a, co_window_broadway_a, co_window_corner_ca,
          co_window_of_opportunity_b, co_window_broadway_a,
          co_window_broadway_a, glass_columns_b, glass_columns_a,
          glass_columns_b, kennysheep_underground_church
Depths:2: hangedman_spin_cycle, hell_entry, uniq_saint_roka
Depths:3: minmay_concentric_multi, enter_ziggurat_b, grunt_mini_vestibule,
          pan_entry
Depths:4: hangedman_cross_cluster, abyss_entry, hellmouth_1,
          grunt_decor_mini_mirrors
Depths:5: grunt_zot_entry_hairpin, dk_noncrumbling_2, hell_entry, uniq_frederick
Zot:4:    grunt_twist_and_shout
Zot:5:    nicolae_zot_crop_circle
Abyss:2:  guppyfry_abyss_exit_glass_guarded, hangedman_abyss_or_decor_slice
Abyss:3:  evilmike_abyss_rune_elephants_shrine
Pan:      evilmike_mini_pan_branches, pan_blood_fountain_2,
          nicolae_pan_diamonds, nicolae_pan_mnolegish_1,
          evilmike_mini_pan_other_thingy, grunt_pan_sceptre,
          pan_blood_fountain_small, evilmike_holy_pan, evilmike_mini_pan_corner,
          evilmike_mini_pan_corner, pan_blood_fountain_small,
          evilmike_mini_pan_T, nicolae_pan_lom_lobonic_4,
          evilmike_mini_pan_corridor, pan_blood_fountain_small,
          nicolae_pan_mnolegish_4, rand_demon_7, pan_blood_fountain,
          lemuel_hall_of_pain, regret_index_pan_draining_boxed,
          nicolae_pan_mnolegish_4, mnoleg_grunt_wretched_star, rand_demon_7,
          nicolae_pan_diamonds, pan_blood_fountain_small, lemuel_hellion_island,
          evilmike_mini_pan_V, pan_blood_fountain, nicolae_pan_lom_lobonic_3,
          rand_demon_6, grunt_pan_zigzag, nicolae_pan_cerebovesque_3,
          lom_lobon_spiral_st, rand_demon_9, pan_blood_fountain,
          grunt_pan_spiral, pan_blood_fountain_small, nicolae_pan_hourglass,
          grunt_pan_zigzag, nicolae_pan_cerebovesque_3, evilmike_mini_pan_T,
          pan_blood_fountain, nicolae_pan_mnolegish_4, evilmike_mini_pan_V,
          nicolae_pan_giant_door, rand_demon_7, nicolae_pan_diamonds,
          pan_blood_fountain_small, rand_demon_9
Lab:      nicolae_lab_grate, nicolae_lab_grate_2, nicolae_lab_diamond
Bazaar:   bazaar_long_row
Sewer:    sewer_co_scattered_pipes
IceCv:    ice_cave_small_dragons

Skill      XL: |  1  2  3  4  5  6  7  8  9 10 11 12 13 14 15 16 17 18 19 20 21 22 23 24 25 26 27 |
---------------+----------------------------------------------------------------------------------+-----
Fighting       | 4 5 10 15 20 22 25 | 25.1
Dodging        | 1 5 20 | 20.0
Armour         | 5 9 10 13 15 20 21 22 | 22.1
Axes           | 5 6 8 10 11 12 14 16 17 19 20 22 23 24 25 26 27 | 27.0
Shields        | 5 10 15 16 17 18 20 24 27 | 27.0
Stealth        | 1 |  1.1
Evocations     | 1 |  1.0
Throwing       | 1 5 15 20 24 | 24.0
Spellcasting   | 10 | 10.0
Charms         | 21 | 21.2
Conjurations   | 10 | 10.3
Invocations    | |  4.7

Action                   |  1- 3 |  4- 6 |  7- 9 | 10-12 | 13-15 | 16-18 | 19-21 | 22-24 | 25-27 || total
-------------------------+-------+-------+-------+-------+-------+-------+-------+-------+-------++-------
Melee: War axe           |    85 |    98 |   415 |   470 |       |       |       |       |       ||  1068
       Broad axe         |       |       |       |   199 |  1348 |  1247 |   668 |       |       ||  3462
       Broad axe         |       |       |       |       |       |       |   508 |  1473 |  6553 ||  8534
       Headbutt          |       |       |       |       |       |       |   213 |   531 |  2385 ||  3129
Throw: Javelin           |       |       |       |       |    13 |     2 |     3 |       |   155 ||   173
Invok: Heroism           |       |       |     1 |    11 |     7 |     3 |     3 |       |       ||    25
       Finesse           |       |       |       |     3 |     1 |     2 |     2 |       |       ||     8
       Heroism           |       |       |       |       |       |       |     2 |     5 |    17 ||    24
       Finesse           |       |       |       |       |       |       |     2 |     5 |    26 ||    33
 Abil: Evoke Blink       |       |       |       |       |     1 |       |       |       |       ||     1
Evoke: Club              |       |       |     1 |     3 |    14 |       |       |       |       ||    18
       Box of beasts     |       |       |       |     1 |     2 |       |       |       |       ||     3
       Deck              |       |       |       |       |       |       |       |     2 |    16 ||    18
       Wand              |       |       |       |       |       |       |       |       |    20 ||    20
  Use: Potion            |       |     4 |     4 |     5 |    10 |     6 |     2 |       |       ||    31
       Scroll            |       |     1 |     5 |    11 |     6 |     4 |     3 |       |       ||    30
       Potion            |       |       |       |       |       |       |     6 |       |    12 ||    18
       Scroll            |       |       |       |       |       |       |    16 |    18 |    31 ||    65
 Stab: Distracted        |       |       |       |       |       |       |       |       |     1 ||     1
       Confused          |       |       |       |       |       |       |       |       |     1 ||     1
       Petrifying        |       |       |       |       |       |       |       |       |     1 ||     1
  Eat: Chunk             |    10 |     7 |    12 |    27 |    51 |    47 |    21 |       |       ||   175
       Beef jerky        |       |       |       |       |     5 |       |     2 |       |       ||     7
       Royal jelly       |       |       |       |       |     4 |       |       |       |       ||     4
       Bread ration      |       |       |       |       |     1 |     3 |       |       |       ||     4
       Fruit             |       |       |       |       |       |    13 |       |       |       ||    13
       Chunk             |       |       |       |       |       |       |    16 |    58 |   106 ||   180
       Beef jerky        |       |       |       |       |       |       |     2 |     2 |    11 ||    15
       Fruit             |       |       |       |       |       |       |       |     1 |    27 ||    28
       Royal jelly       |       |       |       |       |       |       |       |     3 |     2 ||     5
       Pizza             |       |       |       |       |       |       |       |       |    23 ||    23
Armor: Plate armour      |       |       |       |       |       |       |    95 |       |       ||    95
       Gold dragon armou |       |       |       |       |       |       |    46 |   431 |  1160 ||  1637
Dodge: Dodged            |       |       |       |       |       |       |    92 |   285 |  1181 ||  1558
Block: Shield            |       |       |       |       |       |       |   277 |   855 |  1006 ||  2138
       Large shield      |       |       |       |       |       |       |       |       |  3941 ||  3941
       Reflection        |       |       |       |       |       |       |       |       |   106 ||   106
